[ AOE2 MATCH · #505802492 ]
UnrankedMongols vs Celts
Player's team · LOSS
Rival team · WIN
[ REPLAY ANALYSIS · EXTRACTED FROM THE RECORDED GAME ]
Feudal
8:43
Castle
23:22
Imperial
—
| APM avg | 67.1 |
| APM peak | 128 |
| eAPM avg | 34.9 |
| Villagers / military | 64 / 50 |
Focus
⚔️ 43.4% · 🌾 56.6%
Archer ×14 · Petard ×14 · Mangudai ×7 · Knight ×4 · Camel Scout ×4 · Monk ×2
Feudal
9:54
Castle
26:05
Imperial
—
| APM avg | 44.3 |
| APM peak | 92 |
| eAPM avg | 26.7 |
| Villagers / military | 74 / 57 |
Focus
⚔️ 36.2% · 🌾 63.8%
Scout Cavalry ×15 · Woad Raider ×12 · Militia ×9 · Petard ×8 · Battering Ram ×6 · Knight ×5
Match map
Initial resources + every placement click. Lines = walls · curves = elevation contours. ◆ gold · ⬟ stone · ● berries · ✦ relic · ◌ wall gap
Your base· Open — unwalled flank
TecuTecu's base· Open — unwalled flank
Smoothed initial terrain · ◌ = detected wall gap · hover for details
Inputs per minute
— Telo Bombeo - - TecuTecu
Build order — Telo Bombeo
First 150 of 211 actions detected
| 0:00 | Create | Villager (Male) |
| 0:00 | Create | Villager (Male) |
| 0:01 | Create | Villager (Male) |
| 0:02 | Build | House |
| 0:02 | Build | House |
| 0:14 | Create | Villager (Male) |
| 0:14 | Create | Villager (Male) |
| 1:14 | Create | Villager (Male) |
| 1:14 | Create | Villager (Male) |
| 1:23 | Build | House |
| 1:58 | Research | Loom |
| 2:02 | Create | Villager (Male) |
| 2:02 | Create | Villager (Male) |
| 2:35 | Build | Lumber Camp |
| 2:37 | Create | Villager (Male) |
| 2:38 | Create | Villager (Male) |
| 3:03 | Create | Villager (Male) |
| 3:03 | Create | Villager (Male) |
| 3:53 | Create | Villager (Male) |
| 4:36 | Create | Villager (Male) |
| 4:57 | Create | Villager (Male) |
| 5:22 | Build | Mining Camp |
| 5:26 | Create | Villager (Male) |
| 6:03 | Create | Villager (Male) |
| 6:17 | Build | House |
| 6:33 | Research | Feudal Age |
| 7:06 | Build | Barracks |
| 7:35 | Build | Palisade Wall |
| 7:37 | Build | Palisade Wall |
| 8:42 | Build | Palisade Wall |
| 8:43 | Age | Feudal Age |
| 8:50 | Create | Villager (Male) |
| 8:54 | Build | Archery Range |
| 9:03 | Create | Villager (Male) |
| 9:05 | Research | Double-Bit Axe |
| 9:05 | Research | Double-Bit Axe |
| 9:17 | Create | Villager (Male) |
| 9:30 | Build | Mill |
| 9:35 | Create | Archer |
| 9:43 | Create | Archer |
| 10:06 | Build | House |
| 10:17 | Build | Watch Tower |
| 10:23 | Create | Archer |
| 10:24 | Create | Villager (Male) |
| 10:35 | Build | Palisade Wall |
| 10:36 | Build | Palisade Gate |
| 10:45 | Build | Watch Tower |
| 10:54 | Create | Archer |
| 11:10 | Create | Archer |
| 11:37 | Create | Villager (Male) |
| 12:00 | Build | Blacksmith |
| 12:06 | Create | Villager (Male) |
| 12:18 | Build | House |
| 12:22 | Research | Town Watch |
| 12:50 | Create | Villager (Male) |
| 13:19 | Create | Villager (Male) |
| 13:21 | Build | House |
| 13:22 | Build | House |
| 13:24 | Create | Archer |
| 13:27 | Create | Villager (Male) |
| 13:32 | Build | Palisade Wall |
| 13:37 | Build | Palisade Gate |
| 13:43 | Create | Archer |
| 14:01 | Create | Archer |
| 14:44 | Build | Farm |
| 14:53 | Create | Villager (Male) |
| 14:56 | Build | Mining Camp |
| 15:07 | Create | Villager (Male) |
| 15:14 | Create | Villager (Male) |
| 15:26 | Create | Archer |
| 15:31 | Build | Lumber Camp |
| 15:32 | Create | Villager (Male) |
| 15:45 | Create | Villager (Male) |
| 15:53 | Create | Archer |
| 16:11 | Create | Archer |
| 16:17 | Build | Farm |
| 16:34 | Build | Farm |
| 16:49 | Create | Archer |
| 16:53 | Build | House |
| 16:58 | Build | Farm |
| 17:02 | Build | Outpost |
| 17:04 | Research | Town Watch |
| 17:04 | Create | Villager (Male) |
| 17:13 | Build | Farm |
| 17:14 | Create | Archer |
| 17:26 | Build | House |
| 17:47 | Build | Watch Tower |
| 17:56 | Create | Villager (Male) |
| 17:58 | Create | Archer |
| 18:07 | Build | Farm |
| 18:08 | Create | Villager (Male) |
| 19:02 | Create | Villager (Male) |
| 19:06 | Build | Market |
| 19:40 | Create | Villager (Male) |
| 19:42 | Build | Farm |
| 19:51 | Build | Farm |
| 19:53 | Build | Farm |
| 20:17 | Create | Villager (Male) |
| 20:39 | Research | Castle Age |
| 20:58 | Build | Farm |
| 21:16 | Build | Outpost |
| 21:52 | Build | Farm |
| 22:02 | Research | Fletching |
| 22:03 | Research | Padded Archer Armor |
| 22:03 | Research | Padded Archer Armor |
| 22:03 | Research | Padded Archer Armor |
| 22:10 | Build | Farm |
| 22:29 | Build | Farm |
| 23:22 | Age | Castle Age |
| 23:24 | Research | Bodkin Arrow |
| 23:26 | Create | Villager (Male) |
| 23:28 | Research | Bow Saw |
| 23:28 | Research | Bow Saw |
| 23:42 | Build | Town Center |
| 23:50 | Research | Wheelbarrow |
| 23:55 | Create | Villager (Male) |
| 24:05 | Build | Outpost |
| 24:52 | Create | Villager (Male) |
| 24:59 | Create | Cavalry Archer |
| 25:13 | Build | Town Center |
| 25:23 | Build | Stable |
| 25:25 | Create | Villager (Male) |
| 25:39 | Create | Villager (Male) |
| 25:44 | Create | Villager (Male) |
| 25:59 | Build | Outpost |
| 26:14 | Create | Camel Scout |
| 26:22 | Create | Villager (Male) |
| 26:24 | Create | Villager (Male) |
| 26:35 | Create | Camel Scout |
| 26:41 | Research | Scale Barding Armor |
| 27:05 | Build | Castle |
| 27:22 | Create | Villager (Male) |
| 27:22 | Create | Villager (Male) |
| 27:50 | Create | Petard |
| 27:50 | Create | Petard |
| 27:56 | Build | Mining Camp |
| 28:11 | Create | Petard |
| 28:19 | Build | Siege Workshop |
| 28:24 | Create | Petard |
| 28:31 | Build | Farm |
| 28:32 | Build | Farm |
| 28:59 | Create | Battering Ram |
| 29:08 | Create | Camel Scout |
| 29:19 | Create | Villager (Male) |
| 29:20 | Build | Mining Camp |
| 29:34 | Create | Petard |
| 29:43 | Build | Stone Wall |
| 29:45 | Build | Stone Wall |
| 29:48 | Build | Stone Wall |
| 29:50 | Build | House |
Build order — TecuTecu
First 150 of 260 actions detected
| 0:00 | Create | Villager (Male) |
| 0:02 | Build | House |
| 0:04 | Build | House |
| 0:09 | Create | Villager (Male) |
| 0:09 | Create | Villager (Male) |
| 0:09 | Create | Villager (Male) |
| 1:30 | Build | Lumber Camp |
| 1:36 | Create | Villager (Male) |
| 1:37 | Create | Villager (Male) |
| 2:06 | Create | Villager (Male) |
| 2:36 | Create | Villager (Male) |
| 3:03 | Create | Villager (Male) |
| 3:24 | Create | Villager (Male) |
| 3:52 | Create | Villager (Male) |
| 3:52 | Create | Villager (Male) |
| 4:19 | Create | Villager (Male) |
| 4:19 | Create | Villager (Male) |
| 4:21 | Create | Villager (Male) |
| 4:25 | Build | House |
| 4:48 | Build | House |
| 5:11 | Create | Villager (Male) |
| 5:45 | Build | Barracks |
| 5:57 | Create | Villager (Male) |
| 6:15 | Create | Villager (Male) |
| 6:29 | Create | Villager (Male) |
| 6:56 | Build | Mining Camp |
| 7:44 | Research | Feudal Age |
| 8:11 | Create | Militia |
| 8:28 | Build | Mill |
| 8:41 | Create | Militia |
| 8:56 | Build | House |
| 8:58 | Research | Loom |
| 9:14 | Create | Militia |
| 9:34 | Build | House |
| 9:43 | Create | Villager (Male) |
| 9:54 | Age | Feudal Age |
| 9:55 | Research | Man-at-Arms (upgrade) |
| 10:06 | Build | Watch Tower |
| 10:34 | Build | Watch Tower |
| 10:41 | Create | Militia |
| 10:41 | Create | Militia |
| 10:42 | Create | Villager (Male) |
| 11:04 | Create | Militia |
| 11:04 | Create | Villager (Male) |
| 11:33 | Create | Militia |
| 11:34 | Create | Villager (Male) |
| 11:51 | Build | House |
| 11:54 | Create | Militia |
| 12:00 | Create | Villager (Male) |
| 12:03 | Build | Mining Camp |
| 12:22 | Create | Villager (Male) |
| 12:40 | Create | Militia |
| 12:51 | Build | House |
| 13:01 | Create | Villager (Male) |
| 13:27 | Create | Villager (Male) |
| 13:50 | Build | Watch Tower |
| 14:00 | Create | Villager (Male) |
| 14:32 | Build | House |
| 14:43 | Create | Villager (Male) |
| 14:45 | Build | Farm |
| 14:46 | Build | Farm |
| 14:47 | Build | Farm |
| 14:53 | Build | Watch Tower |
| 15:00 | Build | Stone Wall |
| 15:01 | Build | Stone Wall |
| 15:01 | Build | Stone Wall |
| 15:01 | Build | Stone Wall |
| 15:02 | Build | Stone Wall |
| 15:02 | Build | Stone Wall |
| 15:07 | Create | Villager (Male) |
| 15:17 | Build | Farm |
| 15:18 | Build | Farm |
| 15:20 | Build | Farm |
| 15:35 | Create | Villager (Male) |
| 15:48 | Build | Mining Camp |
| 15:49 | Create | Villager (Male) |
| 16:01 | Build | Farm |
| 16:16 | Build | House |
| 16:19 | Build | Palisade Wall |
| 16:20 | Build | Palisade Wall |
| 16:42 | Build | Watch Tower |
| 16:43 | Create | Villager (Male) |
| 16:47 | Build | Farm |
| 16:48 | Build | Farm |
| 17:06 | Create | Villager (Male) |
| 17:07 | Build | Farm |
| 17:13 | Build | Farm |
| 17:18 | Build | Farm |
| 17:30 | Research | Town Watch |
| 17:51 | Build | Blacksmith |
| 17:54 | Create | Villager (Male) |
| 18:28 | Create | Villager (Male) |
| 18:30 | Research | Fletching |
| 18:57 | Build | Lumber Camp |
| 19:01 | Create | Villager (Male) |
| 19:02 | Create | Villager (Male) |
| 19:15 | Build | Watch Tower |
| 19:36 | Create | Villager (Male) |
| 19:46 | Research | Double-Bit Axe |
| 19:55 | Build | Farm |
| 19:56 | Build | Farm |
| 20:11 | Build | Watch Tower |
| 20:16 | Create | Villager (Male) |
| 20:43 | Build | House |
| 20:51 | Build | Outpost |
| 20:55 | Research | Wheelbarrow |
| 21:09 | Build | Farm |
| 21:10 | Build | Farm |
| 22:18 | Build | Stable |
| 22:32 | Build | Farm |
| 22:34 | Build | Farm |
| 23:13 | Build | Palisade Wall |
| 23:25 | Research | Castle Age |
| 23:26 | Research | Castle Age |
| 23:34 | Build | Watch Tower |
| 23:49 | Create | Scout Cavalry |
| 24:05 | Research | Horse Collar |
| 24:08 | Build | Farm |
| 24:09 | Build | Farm |
| 24:27 | Build | Outpost |
| 24:29 | Create | Scout Cavalry |
| 24:47 | Create | Scout Cavalry |
| 24:54 | Build | Farm |
| 24:55 | Build | Farm |
| 25:14 | Research | Scale Barding Armor |
| 25:32 | Build | Farm |
| 25:38 | Create | Scout Cavalry |
| 25:39 | Build | Farm |
| 25:41 | Build | Farm |
| 25:58 | Build | Farm |
| 25:58 | Build | Farm |
| 26:05 | Age | Castle Age |
| 26:06 | Build | Farm |
| 26:08 | Research | Light Cavalry (upgrade) |
| 26:11 | Create | Villager (Male) |
| 26:12 | Create | Villager (Male) |
| 26:47 | Build | Castle |
| 26:57 | Create | Knight |
| 26:58 | Create | Knight |
| 26:58 | Create | Villager (Male) |
| 26:59 | Create | Villager (Male) |
| 27:00 | Build | Farm |
| 27:01 | Build | Farm |
| 27:02 | Create | Villager (Male) |
| 27:15 | Create | Knight |
| 27:17 | Build | Farm |
| 27:28 | Create | Villager (Male) |
| 27:47 | Create | Petard |
| 27:48 | Create | Petard |
| 28:01 | Build | Siege Workshop |
Match timeline
| 5:45 | TecuTecu · first_building Barracks |
| 7:06 | Telo Bombeo · first_building Barracks |
| 7:35 | Telo Bombeo · wall_segment Palisade Wall x5 |
| 7:37 | Telo Bombeo · wall_segment Palisade Wall x3 |
| 8:42 | Telo Bombeo · wall_segment Palisade Wall x1 |
| 8:43 | Telo Bombeo · age_up feudal |
| 8:54 | Telo Bombeo · first_building Archery Range |
| 9:54 | TecuTecu · age_up feudal |
| 10:35 | Telo Bombeo · wall_segment Palisade Wall x3 |
| 13:32 | Telo Bombeo · wall_segment Palisade Wall x1 |
| 15:00 | TecuTecu · wall_segment Stone Wall x1 |
| 15:01 | TecuTecu · wall_segment Stone Wall x1 |
| 15:01 | TecuTecu · wall_segment Stone Wall x1 |
| 15:01 | TecuTecu · wall_segment Stone Wall x1 |
| 15:02 | TecuTecu · wall_segment Stone Wall x1 |
| 15:02 | TecuTecu · wall_segment Stone Wall x1 |
| 16:19 | TecuTecu · wall_segment Palisade Wall x1 |
| 16:20 | TecuTecu · wall_segment Palisade Wall x1 |
| 20:14 | Telo Bombeo · first_market_buy 100 food |
| 20:15 | Telo Bombeo · first_market_sell 100 wood |
| 22:18 | TecuTecu · first_building Stable |
| 23:13 | TecuTecu · wall_segment Palisade Wall x1 |
| 23:22 | Telo Bombeo · age_up castle |
| 25:23 | Telo Bombeo · first_building Stable |
| 26:05 | TecuTecu · age_up castle |
| 26:47 | TecuTecu · first_building Castle |
| 27:05 | Telo Bombeo · first_building Castle |
| 28:01 | TecuTecu · first_building Siege Workshop |
| 28:19 | Telo Bombeo · first_building Siege Workshop |
| 29:43 | Telo Bombeo · wall_segment Stone Wall x1 |
| 29:45 | Telo Bombeo · wall_segment Stone Wall x1 |
| 29:48 | Telo Bombeo · wall_segment Stone Wall x1 |
| 29:52 | Telo Bombeo · wall_segment Stone Wall x1 |
| 32:48 | Telo Bombeo · wall_segment Stone Wall x1 |
| 34:38 | TecuTecu · first_building Monastery |
| 34:57 | Telo Bombeo · first_building Monastery |
| 37:08 | Telo Bombeo · wall_segment Stone Wall x5 |
| 41:18 | Telo Bombeo · resign |
[ AI ANALYSIS · 1 CREDIT ]
What really happened in this match?
Wolo.gg analyzes every decision: build order, eco, micro, common mistakes by bracket. Personalized analysis on WhatsApp or Discord in 30 seconds.
Civ guide
Mongols
Perfil
Jugador #3461085